Unix NetHack Version 5.0.0-0 post-release - last build May 10 2026 23:12:36 (d1fa5d53e341ca933230fdaa984d921c805b60aa,branch:main).

Game began 2026-05-12 16:18:30, ended 2026-05-12 16:43:49.

Enigmic, lawful male human Knight

                                                                       ---
                         -----##-      ---  ---                  --- ---.--
                         |......##--###-.----..|.---           ---.---....|
                        --.--.............#..%..>..---         |.........--
                    -----..|--##-----.@..............|         --.......------
                   --.--..--         -#-.............--         --.......--..--
                  --.......|          ##.....|..).....|   ------  --..........|
     ----      .---....^...-#         ##..#----------.| ---.....--   -.......--
     |..|      -.|..........|#        ##---         |.---....--...----.......--
    --..--   ---...........###        *          ----.........---......--.....|
    |....|   |.............##                    |.............-------.---...--
    |....|   -.--...........----.                |..............---- |......<--
    |....|---..---..............-                 ----.............--|..--....|
    --.--|.....................--                    |............^.|--......--
     |.--|....------...........|                    --..........----- |^.....|
   ---...|.|.--    |...........|                    |..........--     |...----
  --..--...|--     ---........--                   --...........|     --..|
  |........|          -.|....--                    |...---......--     |..|
  --.|.....|             --..|                     --..| |..--...|     ----
   ----.----              ---                       ----  --- ----

Enigmic the Bachelor     St:17 Dx:10 Co:14 In:10 Wi:15 Ch:18  Lawful
Dlvl:5  $:352 HP:24(40) Pw:40(40) AC:10 Xp:6 T:4140 

Latest messages:
 The kitten misses!
 You miss the kitten.
 The kitten misses!
 The kitten bites!
 You hit the kitten.
 The kitten bites!
 You hit the kitten.
 The kitten bites!
 The kitten bites!
 You hit the kitten.
 The kitten bites!
 You hit the kitten.
 The kitten turns to flee.
 You hear some noises in the distance.
 The orc zombie misses!
 You hit the orc zombie.
 The orc zombie hits!
 You hit the orc zombie.
 The orc zombie misses!
 You hit the orc zombie.
 The orc zombie hits!
 You hit the orc zombie.
 You hit the orc zombie.
 The orc zombie misses!
 You destroy the orc zombie!
 You see here an orc corpse.
 You hit the goblin.
 The goblin hits!
 The goblin just misses!
 You kill the goblin!
 The water nymph pretends to be friendly.
 The water nymph pretends to be friendly.
 The mountain nymph pretends to be friendly.
 The mountain nymph stole 2 scrolls called enchant weapon.
 The mountain nymph vanishes!
 The beautiful water nymph seduces you and you start taking off your mail.
 The water nymph stole an orange gem.
 The water nymph stole a potion of invisibility.
 The beautiful water nymph seduces you and you start taking off your helm.
 The water nymph drinks a potion of invisibility!
 Suddenly you cannot see the water nymph.
 Someone stole a magic marker.
 She seduces you and you start taking off your gloves.
 Someone stole a lock pick.
 She seduces you and you start taking off your shield.
 You can move again.
 It steals a blessed +0 small shield!
 You attack thin air.
 Really quit without saving? [yn] (n) y
 Do you want your possessions identified? [ynq] (y) q

Inventory:
 Coins    ('$')
  $ - 352 gold pieces
 Weapons  (')')
  b - a blessed +1 lance (alternate weapon; not wielded)
 Armor    ('[')
  d - a blessed +0 helmet
  f - an uncursed +0 pair of leather gloves
  G - an uncursed +0 banded mail
 Comestibles  ('%')
  Z - an uncursed food ration
 Scrolls  ('?')
  X - a blessed scroll of teleportation
 Potions  ('!')
  P - a cursed potion of hallucination
  r - 2 uncursed potions of healing
 Wands    ('/')
  u - a wand of create monster (0:14)
 Tools    ('(')
  Y - a cursed can of grease (0:24)
  n - an uncursed skeleton key
  h - an uncursed stethoscope
 Gems/Stones  ('*')
  c - an uncursed worthless piece of yellowish brown glass
  Q - an uncursed touchstone

Enigmic the Knight's attributes:

Background:
 You were a Bachelor, a level 6 male human Knight.
 You were lawful, on a mission for Lugh
 who was opposed by Brigit (neutral) and Manannan Mac Lir (chaotic).
 You were right-handed.
 You were in the Gnomish Mines, on level 5.
 You entered the dungeon 4140 turns ago.
 You had 620 experience points, 20 more were needed to attain level 7.

Basics:
 You had 24 out of 40 hit points.
 You had all 40 energy points (spell power).
 Your armor class was 10.
 Your wallet contained 352 zorkmids.
 Autopickup was off.

Final Characteristics:
 Your strength was 17 (limit:18/100).
 Your dexterity was 10 (limit:18).
 Your constitution was 14 (limit:18).
 Your intelligence was 10 (limit:18).
 Your wisdom was 15 (limit:18).
 Your charisma was 18 (limit:18).

Final Status:
 You weren't hungry.
 You were unencumbered.
 You were bare handed.
 You were unskilled in bare handed combat.
 You weren't wearing any armor.

Final Attributes:
 You were piously aligned.
 You could jump.
 You survived.

Miscellaneous:
 You didn't encounter any bones levels.
 Total elapsed playing time was 25 minutes and 19 seconds.

Major events:
 Turn
    1: Enigmic the lawful male human Knight entered the dungeon
  990: attained the rank of Esquire (level 3)
 2520: was given Excalibur by the Lady of the Lake
 2639: attained the rank of Bachelor (level 6)
 2646: entered the Gnomish Mines
 4140: quit

You didn't know any spells.

Skills:
 Fighting Skills
   bare handed combat [Unskilled]
   two weapon combat  [Unskilled]
   riding             [Basic]
 Weapon Skills
   dagger             [Unskilled]
   knife              [Unskilled]
   axe                [Unskilled]
   pick-axe           [Unskilled]
   short sword        [Unskilled]
   broadsword         [Unskilled]
   long sword         [Basic]
   two-handed sword   [Unskilled]
   saber              [Unskilled]
   club               [Unskilled]
   mace               [Unskilled]
   morning star       [Unskilled]
   flail              [Unskilled]
   hammer             [Unskilled]
   polearms           [Unskilled]
   spear              [Unskilled]
   trident            [Unskilled]
   lance              [Basic]
   bow                [Unskilled]
   crossbow           [Unskilled]
 Spellcasting Skills
   attack spells      [Unskilled]
   healing spells     [Unskilled]
   clerical spells    [Unskilled]

Voluntary challenges:
 Character rerolling was not enabled.
 You never genocided any monsters.
 You never polymorphed an object.
 You never changed form.
 You used no wishes.
Achievements:
 You entered a shop.
 You attained the rank of Esquire.
 You attained the rank of Bachelor.
 You entered the Gnomish Mines.

 The Dungeons of Doom: levels 1 to 4
    Level 1:
    Level 2:
       Stairs down to The Gnomish Mines.
    Level 3:
       A general store, a sink.
    Level 4:
 The Gnomish Mines: levels 3 to 5
    Level 3:
    Level 4:
    Level 5: <- You were here.


Vanquished creatures:
  a ghost
  a small mimic
  a yellow light
  2 shriekers
  3 gnome leaders
  a gnomish wizard
  a straw golem
  a little dog
  2 floating eyes
  2 homunculi
  a giant bat
  2 orc zombies
  2 dwarf zombies
  a wererat
  2 gas spores
  2 hobbits
  2 giant rats
  2 cave spiders
  2 yellow molds
 27 gnomes
  4 geckos
  7 jackals
  2 foxes
  4 goblins
  a sewer rat
  2 grid bugs
  a lichen
  3 kobold zombies
  5 newts
87 creatures vanquished.

No species were genocided or became extinct.

Fare thee well Enigmic the Knight...

You quit in The Gnomish Mines on dungeon level 5 with 3072 points,
and 352 pieces of gold, after 4140 moves.
You were level 6 with a maximum of 40 hit points when you quit.

